Map: Forteresse de fer EC

Players

AgCl - Winner!

  • Race: Protoss Protoss

wrier

  • Race: Zerg Zerg

VOD

Have the link to the VOD?

Description

Time

  • Played on: May 15, 2015, 7:15 p.m.
  • Length: 2:27
Show
View Real Time Build Order
Export as new Build Order

AgCl Protoss - Winner!

Build Orders: Nexus First 

Get SALT Encoding   

  12  0:04  Probe  
  13  0:36  Pylon  
  13  0:55  Nexus  
  13  1:01  Forge  
  13  1:06  Probe (Chrono Boost)  
  14  1:15  Probe (Chrono Boost)  
  15  1:23  Probe (Chrono Boost)  
  17  1:34  Probe (Chrono Boost)  
  17  1:40  Probe (Chrono Boost)  
  18  1:52  Probe  
  19  1:56  Pylon  
  19  1:57  Pylon  
  19  2:05  Probe (Chrono Boost)  
  20  2:12  Probe (Chrono Boost)  
  20  2:15  Photon Cannon  
  21  2:16  Gateway  
  23  2:23  Photon Cannon  
Show
View Real Time Build Order
Export as new Build Order

wrier Zerg 

Build Orders: Hatch First 

Get SALT Encoding   

  12  0:01  Drone  
  13  0:12  Overlord  
  13  0:17  Drone  
  14  0:27  Drone, Extractor  
  15  0:37  Drone  
  15  0:38  Drone  
  17  0:57  Hatchery  
  16  1:11  Spawning Pool  
  15  1:19  Drone x2  
  15  1:21  Extractor  
  16  1:38  Overlord  
  16  1:53  Drone  
  17  2:02  Zergling x2  
  17  2:03  Zergling x2  
  19  2:15  Drone  
Tags
 
Add a new tag
Caveats
  • Supply blocks, unpowered buildings, or Contaminate may cause inaccurate times.
  • Supply counts are checked every 10 seconds.